 Dungeon Crawl Stone Soup version 0.23.2-42-gf373564 (webtiles) character file.

Game seed: 15739521810918317206

631 Firecrotchwizard the Chucker (level 7, -3/68 HPs)
             Began as a Troll Hunter on Dec 29, 2019.
             Slain by a sky beast (4 damage)
             ... on level 5 of the Dungeon.
             The game lasted 00:08:45 (3194 turns).

Firecrotchwizard the Chucker (Troll Hunter)         Turns: 3194, Time: 00:08:45

Health: -3/68      AC:  6    Str: 23    XL:     7   Next: 24%
Magic:  6/6        EV: 10    Int:  7    God:
Gold:   233        SH:  0    Dex: 10    Spells: 6/6 levels left

rFire    . . .     SeeInvis .   l - +1 flail
rCold    . . .     Gourm    +   (no shield)
rNeg     . . .     Faith    .   b - +0 robe
rPois    .         Spirit   .   (helmet restricted)
rElec    .         Reflect  .   (no cloak)
rCorr    .         Harm     .   (gloves unavailable)
MR       .....                  (boots unavailable)
Stlth    +.........             (no amulet)
HPRegen  0.61/turn              (no ring)
MPRegen  0.10/turn              (no ring)

@: no status effects
A: large, unfitting armour, claws 3, fast metabolism 3, gourmand, regeneration
1, shaggy fur 1, tough skin 3
a: no special abilities


You were on level 5 of the Dungeon.
You were very full.

You visited 1 branch of the dungeon, and saw 5 of its levels.

You collected 233 gold pieces.

Inventory:

Hand Weapons
 i - a +0 giant spiked club
   (You took it off an ogre on level 4 of the Dungeon)
 l - a +1 flail (weapon)
   (You took it off an orc on level 3 of the Dungeon)
Missiles
 c - 5 large rocks (quivered) {!d}
 d - 2 throwing nets {=f, !d}
Armour
 b - a +0 robe (worn)
Wands
 k - a wand of acid (10)
   (You found it on level 3 of the Dungeon)
 u - a wand of flame (9)
   (You took it off Ijyb on level 3 of the Dungeon)
Scrolls
 a - 3 scrolls of identify
 n - 3 scrolls of teleportation
 p - 2 scrolls of remove curse
Potions
 e - a potion of agility {unknown}
 g - a potion of haste {unknown}
 j - 2 potions of berserk rage {unknown}
 m - 2 potions of heal wounds
 o - 2 potions of brilliance {unknown}
 s - 2 potions of invisibility {unknown}
 x - 3 potions of cancellation
Comestibles
 f - 12 rations
 t - 4 chunks of flesh {@w0}


   Skills:
 + Level 3.7 Fighting
 * Level 4.5 Maces & Flails
 + Level 5.2 Throwing
 - Level 1.5 Dodging
 - Level 0.3 Stealth


You had 6 spell levels left.
You didn't know any spells.
Your spell library was empty.

Dungeon Overview and Level Annotations

Branches:
Dungeon (5/15)
 Temple: D:4-7

Altars:
Gozag
Vehumet


Innate Abilities, Weirdness & Mutations

You are too large for most types of armour.
You have claws for hands.
Your metabolism is lightning-fast.
You like to eat raw meat.
Your natural rate of healing is unusually fast.
You are covered in fur. (AC +1)
You have extremely tough skin. (AC +3)


Message History

You feel strangely unstable.
It was a scroll of teleportation.
As you read the scroll labeled JISHRE QOLICZO ENU, it crumbles to dust.
You feel blessed for a moment.
It was a scroll of remove curse.
Unknown command.
As you read the scroll labeled SUDWAE LIUP, it crumbles to dust.
It is a scroll of enchant weapon.
Your +0 flail glows red for a moment.
Your surroundings suddenly seem different.
A hound comes into view.
As you read the scroll labeled TOOMPU PIM UFIC, it crumbles to dust.
It is a scroll of amnesia.
You feel forgetful for a moment.
As you read the scroll labeled WULOLU NEQEVYIF, it crumbles to dust.
It is a scroll of identify.
x - 3 potions of cancellation The hound barks!
You hear a shout!
As you read the scroll of identify, it crumbles to dust.
m - 2 potions of heal wounds You hit the hound.
The hound bites you.
An orc comes into view. It is wielding a +0 trident.
The hound bites you.
You take 3 damage, and have 65/68 hp.
You barely miss the hound. The hound bites you but does no damage.
You hit the hound but do no damage. The hound bites you.
The hound bites you but does no damage.
You take 5 damage, and have 61/68 hp.
You hit the hound. The hound closely misses you. x2
You closely miss the hound. The hound bites you but does no damage.
A leopard gecko skeleton comes into view.
The hound bites you but does no damage. The orc misses you.
The hound bites you.
You take 1 damage, and have 62/68 hp.
You barely miss the orc. The hound bites you but does no damage.
The orc hits you with a +0 trident. The hound barely misses you.
A sky beast comes into view.
You take 2 damage, and have 60/68 hp.
You sock the orc!
You kill the orc!
The hound bites you. The hound misses you.
Things that are here:
a +0 trident; a +0 leather armour; an orc corpse You barely miss the hound.
The hound misses you. The hound bites you.
The leopard gecko skeleton bites you but does no damage.
You take 5 damage, and have 56/68 hp.
You sock the hound! The hound bites you.
The leopard gecko skeleton bites you but does no damage.
The hound bites you.
You take 8 damage, and have 48/68 hp.
You miss the hound. The hound bites you but does no damage.
The leopard gecko skeleton bites you but does no damage.
The sky beast closely misses you. The hound bites you but does no damage.
You barely miss the hound. The hound bites you but does no damage.
The leopard gecko skeleton closely misses you.
The sky beast hits you but does no damage.
You hit the hound but do no damage. The hound bites you but does no damage.
The leopard gecko skeleton closely misses you.
The hound barely misses you.
The sky beast flickers out of sight!
Deactivating autopickup; reactivate with Ctrl-A.
Something hits you but does no damage.
The leopard gecko skeleton barely misses you.
You hit something but do no damage. The hound closely misses you.
Something hits you but does no damage. The hound bites you.
The leopard gecko skeleton barely misses you.
You miss something. The hound barely misses you.
A sky beast appears from thin air!
Reactivating autopickup.
The sky beast hits you but does no damage.
The leopard gecko skeleton bites you. The hound bites you but does no damage.
You take 1 damage, and have 49/68 hp.
You miss the sky beast. The sky beast hits you. The sky beast shocks you.
The hound barely misses you. The leopard gecko skeleton bites you.
You take 13 damage, and have 36/68 hp.
You hit the sky beast. The hound bites you. The sky beast barely misses you.
The leopard gecko skeleton closely misses you.
The hound bites you but does no damage. The sky beast hits you.
The sky beast shocks you.
You take 10 damage, and have 26/68 hp.
You hit the sky beast. The hound barely misses you.
The leopard gecko skeleton bites you. The hound closely misses you.
The sky beast hits you but does no damage.
You take 3 damage, and have 23/68 hp.
You miss the sky beast. The hound barely misses you.
The leopard gecko skeleton barely misses you.
The sky beast hits you. The sky beast shocks you.
* * * LOW HITPOINT WARNING * * *
The hound misses you.
You take 8 damage, and have 15/68 hp.
You closely miss the sky beast.
The leopard gecko skeleton bites you but does no damage.
The hound bites you but does no damage. The sky beast hits you.
* * * LOW HITPOINT WARNING * * *
The sky beast shocks you.
* * * LOW HITPOINT WARNING * * *
The leopard gecko skeleton barely misses you.
You take 9 damage, and have 6/68 hp.
You hit the sky beast. The hound bites you.
* * * LOW HITPOINT WARNING * * *
The sky beast hits you.
You die...

#**,,,,,,,,+,,,,,**,*,,**,*******
#,,,,,*****#^....#*,*...,,,,,,,,<
#,***,* ####.....##+#...*,*******
+,**,,* #...............*,*
#***,,* #.............#,*,*
.,,,,,* #.............#,,,*
******* #.............#,,,*
#.......Z.....#,,,*******
#......h@Y....#,,,,,,,,,,
#.............#,,,*******
*****###########+#.#,,,,*,,,,,
*,,,* *,*,***,,*,****
****,,,********** *,*,,,,,,,,*
,,,+,,,+,,,,,,,,* *,*****,,******
****,,,********+***,,,,,,,,,,,,,,
*,,,* *,,,,,,,,,,,,**,*,,,,,
*,,,*****,,,,,,,,,,,,**,>,,,_,


You could see a sky beast, a hound and a leopard gecko skeleton.

Vanquished Creatures
  An ogre (D:4)
  2 scorpions (D:4)
  A howler monkey (D:4)
  A centaur skeleton (D:4)
  An orc priest (D:4)
  A bullfrog skeleton (D:4)
  Ijyb (D:3)
  A worker ant (D:4)
  Natasha (thrice) (D:2)
  A howler monkey skeleton (D:4)
  8 adders
  A worm (D:2)
  2 dart slugs
  3 leopard geckos
  11 orcs
  2 ball pythons
  7 bats
  7 giant cockroaches
  13 goblins
  9 hobgoblins
  2 jackals (D:2)
  8 kobolds
  4 quokkas
  2 frilled lizards
  A leopard gecko skeleton (D:4)
  A quokka skeleton (D:4)
  9 rats
103 creatures vanquished.

Notes
Turn   | Place    | Note
-------+----------+-------------------------------------------
     0 | D:1      | Firecrotchwizard the Troll Hunter began the quest for the
                  | Orb.
     0 | D:1      | Reached XP level 1. HP: 19/19 MP: 0/0
   162 | D:1      | Reached XP level 2. HP: 27/28 MP: 1/1
   172 | D:1      | Reached skill level 2 in Fighting
   326 | D:1      | Reached skill level 4 in Throwing
   484 | D:2      | Reached XP level 3. HP: 35/35 MP: 2/2
   693 | D:2      | Reached skill level 1 in Maces & Flails
   783 | D:2      | Noticed Natasha
   793 | D:2      | Killed Natasha
   793 | D:2      | Reached XP level 4. HP: 31/44 MP: 3/3
   929 | D:2      | Reached skill level 2 in Maces & Flails
  1037 | D:2      | Noticed Natasha
  1049 | D:2      | Killed Natasha
  1049 | D:2      | Reached XP level 5. HP: 38/52 MP: 4/4
  1321 | D:2      | Noticed Natasha
  1347 | D:2      | Killed Natasha
  1372 | D:2      | Found a radiant altar of Vehumet.
  1745 | D:3      | Reached skill level 3 in Fighting
  1862 | D:3      | Noticed Ijyb
  1883 | D:3      | Killed Ijyb
  1883 | D:3      | Reached skill level 3 in Maces & Flails
  2332 | D:3      | Found an opulent altar of Gozag.
  2395 | D:4      | Reached XP level 6. HP: 61/61 MP: 5/5
  2508 | D:4      | Reached skill level 5 in Throwing
  2715 | D:4      | Reached skill level 4 in Maces & Flails
  2722 | D:4      | Reached XP level 7. HP: 52/67 MP: 6/6
  3153 | D:5      | Entered Level 5 of the Dungeon
  3192 | D:5      | HP: 15/68 [sky beast (6)]
  3193 | D:5      | HP: 6/68 [sky beast (5)]
  3194 | D:5      | HP: 1/68 [hound (6)]
  3194 | D:5      | Slain by a sky beast

Skill      XL: |  1  2  3  4  5  6 |
---------------+-------------------+-----
Fighting       | 2 3 |  3.7
Throwing       | 4 5 |  5.2
Maces & Flails | 1 2 3 4 |  4.5
Dodging        | |  1.5
Stealth        | |  0.3

Action                   |  1- 3 |  4- 6 |  7- 9 || total
-------------------------+-------+-------+-------++-------
Melee: Unarmed           |   116 |   195 |       ||   311
       Flail             |       |    27 |    78 ||   105
Throw: Large rock        |     4 |     5 |       ||     9
  Use: Scroll            |       |       |     8 ||     8
 Stab: Sleeping          |       |     1 |       ||     1
  Eat: Chunk             |    13 |    15 |     7 ||    35
Armor: Robe              |    52 |    95 |    46 ||   193
Dodge: Dodged            |    60 |   120 |    45 ||   225

Levels and vault maps discovered:
D:1:      dpeg_arrival_castle, layout_rooms
D:2:      layout_loops_ring, nicolae_overflow_hidden_temple,
          minmay_misc_feat_room, uniq_natasha
D:3:      kennysheep_the_goblin_king, layout_basic, lemuel_round_altar
D:4:      layout_loops_cross, first_ration, minmay_cupped
D:5:      layout_basic, basic_altar

Table legend:
 A = Turns spent in this place as a percentage of turns spent in the entire game.
 B = Non-inter-level travel turns spent in this place as a percentage of non-inter-level travel turns spent in the entire game.
 C = Inter-level travel turns spent in this place as a percentage of turns spent in this place.
 D = Turns resting spent in this place as a percentage of non-inter-level travel turns spent in this place.
 E = Turns spent auto-exploring this place as a percentage of non-inter-level travel turns spent in this place.
 F = Non-inter-level travel turns spent in this place divided by the number of levels of this place that you've seen.
                   A       B       C       D       E      F
               +-------+-------+-------+-------+-------+----------------------
         Total | 100.0 | 100.0 |   3.6 |   6.5 |  62.6 | 615.6
       Dungeon | 100.0 | 100.0 |   3.6 |   6.5 |  62.6 | 615.6
               +-------+-------+-------+-------+-------+----------------------

Table legend:
 A = Kills in this place as a percentage of kills in entire the game.
 B = Kills by you in this place as a percentage of kills by you in the entire game.
 C = Kills by friends in this place as a percentage of kills by friends in the entire game.
 D = Other kills in this place as a percentage of other kills in the entire game.
 E = Experience gained in this place as a percentage of experience gained in the entire game.
 F = Experience gained in this place divided by the number of levels of this place that you have seen.
                   A       B       C       D       E      F
               +-------+-------+-------+-------+-------+----------------------
         Total | 100.0 | 100.0 |   N/A |   N/A | 100.0 | 180.4
       Dungeon | 100.0 | 100.0 |   N/A |   N/A | 100.0 | 180.4
               +-------+-------+-------+-------+-------+----------------------
